 Dungeon Crawl Stone Soup version 0.28.0-49-g6dfe1f597d (webtiles) character file.

Game seed: 11123494066597438778

70 Exodus22XD the Sneak (level 4, -2/24 HPs)
             Began as a Kobold Enchanter on May 15, 2022.
             Slain by a goblin
             ... wielding a +0 club
             ... led by Robin
              (5 damage)
             ... on level 2 of the Dungeon.
             The game lasted 00:01:26 (1276 turns).

Exodus22XD the Sneak (Kobold Enchanter)             Turns: 1276, Time: 00:01:27

Health: -2/24      AC:  4    Str:  8    XL:     4   Next: 45%
Magic:  2/7        EV: 15    Int: 16    God:
Gold:   90         SH:  0    Dex: 17    Spells: 5/7 levels left

rFire   . . .      SeeInvis .   a - +1 dagger
rCold   . . .      Faith    .   (no shield)
rNeg    . . .      Spirit   .   b - +0 robe
rPois   .          Reflect  .   (no helmet)
rElec   .          Harm     .   (no cloak)
rCorr   .          Rampage  .   j - +0 pair of gloves {Str+3}
Will    .....                   e - +0 pair of boots
Stlth   +++++.....              (no amulet)
HPRegen 0.08/turn               (no ring)
MPRegen 0.10/turn               (no ring)

@: very slightly contaminated, invisible
A: small, no large weapons, nightstalker 3
a: no special abilities


You were on level 2 of the Dungeon.
You visited 1 branch of the dungeon, and saw 2 of its levels.

You collected 90 gold pieces.

Inventory:

Hand Weapons
 a - a +1 dagger (weapon)
Armour
 b - a +0 robe (worn)
 e - a +0 pair of boots (worn)
 j - a +0 pair of gloves of strength (worn)
Scrolls
 d - a scroll of noise {unknown}
 g - 2 scrolls of enchant armour {unknown}
 i - a scroll of vulnerability {unknown}
 l - a scroll of identify {unknown}
 m - a scroll of magic mapping {unknown}
Potions
 c - a potion of invisibility
 f - a potion of ambrosia {unknown}
 h - a potion of curing {unknown}
 k - a potion of might {unknown}


   Skills:
 - Level 1.3 Short Blades
 - Level 2.4 Dodging
 + Level 7.0 Stealth
 - Level 2.1 Spellcasting
 - Level 3.0 Hexes


You had 5 spell levels left.
You knew the following spells:

 Your Spells              Type           Power      Damage    Failure   Level
a - Ensorcelled Hibernat  Hex/Ice        12%        N/A       17%         2

Your spell library contained the following spells:

 Spells                   Type           Power      Damage    Failure   Level
 Confusing Touch          Hex            11%        N/A       19%         3
 Tukima's Dance           Hex            11%        N/A       19%         3
 Magic Dart               Conj           4%         1d3       21%         1
 Call Imp                 Summ           1%         N/A       30%         2
 Dazzling Flash           Conj/Hex       12%        N/A       32%         3
 Mephitic Cloud           Conj/Pois/Air  1%         N/A       52%         3
 Ozocubu's Armour         Ice            1%         N/A       52%         3
 Ozocubu's Refrigeration  Ice            0%         4d5       100%        7


Dungeon Overview and Level Annotations

Branches:
Dungeon (2/15)

Altars:

Annotations:
D:2 Robin


Innate Abilities, Weirdness & Mutations

You are small and have problems with some larger weapons.
You are completely attuned to the shadows.


Message History

Sorry, you're not good enough to have a special ability.
Casting: Ensorcelled Hibernation (safe; 17% risk of failure)
Confirm with . or Enter, or press ? or * to list all spells.
Aiming: Ensorcelled Hibernation (safe; 17% risk of failure)
Press: ? - help, Shift-Dir - straight line, f/p - Robin
Aim: Robin, wielding a +0 club, wearing a +0 animal skin and wearing a +0 helmet (chance to affect: 49%)
You miscast Ensorcelled Hibernation.
Nothing appears to happen.
A goblin comes into view. It is wielding a +0 dagger.
The goblin hits you but does no damage. Robin misses you.
You hit the goblin.
The goblin is moderately wounded.
The goblin hits you with a +0 club.
* * * LOW HITPOINT WARNING * * *
A hobgoblin comes into view.
Robin hits you with a +0 club.
* * * LOW HITPOINT WARNING * * *
You hit Robin. Your punch misses Robin.
Robin is lightly wounded.
The goblin misses you.
You hit Robin.
Robin is lightly wounded.
The goblin hits you with a +0 club.
* * * LOW HITPOINT WARNING * * *
Robin barely misses you.
You fade into invisibility!
The goblin misses you. Robin closely misses you.
You hit Robin.
Robin is moderately wounded.
The goblin misses you.
You barely miss Robin.
Robin is moderately wounded.
Robin roars a battlecry!
The goblins go into a battle-frenzy!
You hit Robin.
Robin is moderately wounded.
The goblin barely misses you. Robin closely misses you.
You barely miss Robin.
Robin is moderately wounded.
The goblin hits you with a +0 club.
You die...

♣.♣♣
♣♣.♣♣.♣..♣♣
♣†♣
♣.♣♣♣♣.♣.♣♣♣
♣.♣♣♣♣.♣
♣♣♣)..♣♣♣♣
♣.).♣♣.♣
♣♣.♣.♣.♣
♣♣.....♣♣
♣♣♣♣..)
♣♣.....♣
♣♣♣[ ♣...♣.♣
♣♣ ♣g♣♣♣.♣ ♣
♣@♣ . ♣ ♣g♣
♣g♣ ♣g♣


gg♣ You could see Robin, a hobgoblin (strong) and 4 goblins.

Vanquished Creatures
  Natasha (D:2)
  An adder (D:2)
  A dart slug (D:1)
  5 ball pythons
  4 bats
  4 endoplasms
  A giant cockroach (D:1)
  5 goblins
  3 hobgoblins
  A quokka (D:2)
  2 frilled lizards
  2 kobolds
  A rat (D:1)
31 creatures vanquished.

Notes
Turn   | Place    | Note
-------+----------+-------------------------------------------
     0 | D:1      | Exodus22XD the Kobold Enchanter began the quest for the
                  | Orb.
     0 | D:1      | Reached XP level 1. HP: 10/10 MP: 3/3
   305 | D:1      | Reached XP level 2. HP: 15/15 MP: 5/5
   425 | D:1      | Reached skill level 5 in Stealth
   830 | D:2      | Reached XP level 3. HP: 19/19 MP: 6/6
  1067 | D:2      | Noticed Natasha
  1070 | D:2      | Killed Natasha
  1071 | D:2      | Reached skill level 6 in Stealth
  1071 | D:2      | Reached XP level 4. HP: 24/24 MP: 7/7
  1146 | D:2      | Learned a level 2 spell: Ensorcelled Hibernation
  1252 | D:2      | Noticed Robin
  1266 | D:2      | Reached skill level 7 in Stealth
  1276 | D:2      | Slain by a goblin

Illustrated notes

Levels and vault maps discovered:
D:1:      minmay_arrival_widening_spiral_wide, layout_rooms
D:2:      kb_forest_paths, layout_loops_cross, roderic_st_hans_cross,
          uniq_robin, uniq_natasha

Skill      XL: |  1  2  3  4 |
---------------+-------------+-----
Stealth        | 5 6 7 |  7.0
Short Blades   | |  1.3
Dodging        | |  2.4
Spellcasting   | |  2.1
Hexes          | |  3.0

Action                   |  1- 3 |  4- 6 || total
-------------------------+-------+-------++-------
Melee: Dagger            |    32 |    34 ||    66
       Punch             |       |     1 ||     1
 Cast: Ensorcelled Hiber |       |     1 ||     1
  Use: Potion            |       |     1 ||     1
 Stab: Sleeping          |    18 |     2 ||    20
Armor: Robe              |     4 |     7 ||    11
Dodge: Dodged            |    12 |    34 ||    46
